 Dungeon Crawl Stone Soup version 0.31-a0-702-gf82c85558f (webtiles) character file.

Game seed: 1634448382773463639

22596 Essalna the Destroyer (level 12, -4/103 HPs)
             Began as a Demonspawn Conjurer on Sept 8, 2023.
             Was a Believer of Vehumet.
             Slain by a death yak (14 damage)
             ... on level 2 of the Lair of Beasts.
             The game lasted 00:33:32 (12256 turns).

Essalna the Destroyer (Demonspawn Conjurer)        Turns: 12256, Time: 00:33:32

Health: -4/103     AC:  9    Str:  7    XL:     12   Next: 64%
Magic:  5/21       EV: 17    Int: 26    God:    Vehumet [**....]
Gold:   841        SH:  0    Dex: 11    Spells: 16/23 levels left

rFire   . . .        Y - staff of conjuration
rCold   . . .        (no shield)
rNeg    . . .        J - +0 troll leather armour
rPois   .            (helmet restricted)
rElec   .            k - +1 cloak
rCorr   .            (no gloves)
SInv    .            w - +2 pair of boots
Will    .....        (no amulet)
Stlth   ++           B - +4 ring of slaying
HPRegen 1.17/turn    X - +5 ring of evasion
MPRegen 0.17/turn

%: no passive effects
@: no status effects
A: horns 2, ignite blood 1, powered by death 2, sturdy frame 2
a: Renounce Religion


You were on level 2 of the Lair of Beasts.
You worshipped Vehumet.
Vehumet was pleased with you.
You visited 4 branches of the dungeon, and saw 14 of its levels.
You also visited: Bailey.

You collected 841 gold pieces.

Inventory:

Hand Weapons
 c - a +0 dagger
 d - a +3 sling of electrocution
 e - the +8 Wrath of Trog {antimagic, *Rage Rampage}
   (You found it in a bailey)

   It causes slowness and exhaustion when equipped.
   It extends the wielder's berserk rage when killing foes.
   *Rage:     It berserks you when you make melee attacks (+50% chance).
   Rampage:   It bestows one free step when moving towards enemies.
Missiles
 z - 2 throwing nets
Armour
 a - a +0 robe
 k - a +1 cloak (worn)
 n - a +3 leather armour of fire resistance
 p - a +3 leather armour of cold resistance
 w - a +2 pair of boots (worn)
 A - a scarf of invisibility
 J - a +0 troll leather armour (worn)
 T - a +0 pair of boots
Magical Staves
 s - a staff of fire
 Y - a staff of conjuration (weapon)
Jewellery
 B - a +4 ring of slaying (left hand)
 C - a ring of positive energy
 X - a +5 ring of evasion (right hand)
Wands
 m - a wand of mindburst (21)
 v - a wand of paralysis (34)
 y - a wand of digging (4)
 I - a wand of flame (16)
 K - a wand of quicksilver (9)
 M - a wand of roots (17)
Scrolls
 h - 4 scrolls of enchant armour
 i - 7 scrolls of identify
 j - a scroll of enchant weapon
 l - 3 scrolls of revelation
 t - 2 scrolls of immolation
 F - 2 scrolls of fog {unknown}
 G - a scroll of poison
 L - 3 scrolls of amnesia {unknown}
 N - 4 scrolls of vulnerability {unknown}
 O - 2 scrolls of blinking {unknown}
 Q - 4 scrolls of teleportation
 R - a scroll of summoning {unknown}
 S - a scroll of torment {unknown}
 V - a scroll of brand weapon {unknown}
Potions
 b - 2 potions of magic
 f - 2 potions of cancellation
 g - 3 potions of lignification
 o - 4 potions of degeneration
 q - a potion of ambrosia {unknown}
 r - 2 potions of mutation
 u - 4 potions of curing {unknown}
 x - 3 potions of brilliance {unknown}
 D - 4 potions of berserk rage {unknown}
 E - 5 potions of haste {unknown}
 U - 2 potions of attraction {unknown}
 W - a potion of invisibility {unknown}
 Z - a potion of might {unknown}


   Skills:
 + Level 12.7 Fighting
 - Level 6.0 Armour
 - Level 1.7 Dodging
 - Level 1.7 Stealth
 - Level 6.0 Spellcasting
 + Level 14.6 Conjurations
 - Level 5.3 Hexes


You had 16 spell levels left.
You knew the following spells:

 Your Spells              Type           Power      Damage    Failure   Level
a - Magic Dart            Conj           100%       1d8       1%          1
b - Searing Ray           Conj           100%       2d8       1%          2
c - Fulminant Prism       Conj/Hex       36%        3d17      1%          4

Your spell library contained the following spells:

 Spells                   Type           Power      Damage    Failure   Level
 Scorch                   Fire           14%        2d5       11%         2
 Kiss of Death            Conj/Necr      100%       2d13      1%          1
 Dazzling Flash           Conj/Hex       100%       N/A       1%          3
 Tukima's Dance           Hex            35%        N/A       2%          3
 Iskenderun's Mystic Bla  Conj/Tloc      62%        2d13      3%          4
 Necrotise                Necr           28%        1d5       7%          1
 Summon Small Mammal      Summ           28%        N/A       7%          1
 Inner Flame              Hex/Fire       21%        N/A       7%          3
 Summon Guardian Golem    Hex/Summ       21%        N/A       7%          3
 Call Canine Familiar     Summ           7%         N/A       21%         3
 Dimensional Bullseye     Hex/Tloc       10%        N/A       24%         4
 Yara's Violent Unravell  Hex/Tmut       10%        3d6       54%         5
 Animate Dead             Necr           7%         N/A       56%         4
 Enfeeble                 Hex            17%        N/A       100%        7
 Haunt                    Necr/Summ      3%         N/A       100%        7
 Infestation              Necr           3%         N/A       100%        8
 Chain Lightning          Conj/Air       31%        3d41      100%        9
 Fire Storm               Conj/Fire      31%        8d8       100%        9
 Shatter                  Erth           3%         3d7*      100%        9


Dungeon Overview and Level Annotations

Branches:
Dungeon (10/15)            Temple (1/1) D:4            Lair (2/5) D:8
    Orc (1/2) D:10         Bailey (visited)
  Swamp: Lair:2-3    Shoals: Lair:2-3     Snake: Lair:2-3    Spider: Lair:2-3

Altars:
Ashenzari
Cheibriados
Dithmenos
Fedhas
Gozag
Hepliaklqana
Kikubaaqudgha
Makhleb
Nemelex Xobeh
Okawaru
Qazlal
Ru
Sif Muna
Trog
Uskayaw
Vehumet
Wu Jian
Xom
Yredelemnul

Annotations:
D:8 3 runed translucent doors


Innate Abilities, Weirdness & Mutations

You have a pair of horns on your head.
Your demonic aura sometimes causes spilled blood to erupt in flames.
You regenerate health from kills.
Your movements are less encumbered by armour. (ER -4)


Message History

Confirm with . or Enter, or press ? or * to list all spells.
Aiming: Searing Ray (safe; 1% risk of failure)
Press: ? - help, Shift-Dir - straight line, f - death yak
Aim: a death yak (heavily wounded, 94% to hit)
You feel a surge of power!
The searing ray hits the death yak.
The death yak is heavily wounded. (Press . to maintain the ray.)
The death yak barely misses you.
The searing ray hits the death yak.
The death yak is severely wounded.
The death yak gores you!!
* * * LOW HITPOINT WARNING * * *
The death yak attacks as it pursues you!
The death yak barely misses you.
As you read the scroll of fear, it crumbles to dust.
You assume a fearsome visage.
The death yak resists with almost no effort.
The death yak easily resists.
The death yak gores you!
* * * LOW HITPOINT WARNING * * *
Okay, then.
Unknown command.
As you read the scroll of fear, it crumbles to dust.
You assume a fearsome visage.
The death yak easily resists.
The death yak resists with almost no effort.
The death yak gores you!
* * * LOW HITPOINT WARNING * * *
Okay, then.
Unknown command.
Unknown command.
Okay, then.
Unknown command.
Unknown command.
You feel much better. The death yak completely misses you.
The death yak attacks as it pursues you!
The death yak gores you!!
* * * LOW HITPOINT WARNING * * *
The death yak is engulfed in blazing flames.
The death yak attacks as it pursues you!
The death yak gores you!
You die...

..........###...##########.
### #...#####.###..## #
........#..###.#
.##.....P.####.##
....#...........#
..###.......†..##
...##.(...####..# ###
..P........#.#.####### ...
.†..............@.>.<# ...
##...........PYY.....# ...
.#............○......# ...
##.#.......#..°##....# ...
........†......###...# #..
...............##...## #..
.....................## ##.
..........#P....#....P# ###
.................#...#####
#.#


You could see 2 death yaks.

Vanquished Creatures
  2 hydras
  A two-headed ogre (D:9)
  4 death yaks (Lair:2)
  An orc knight (Bailey)
  Maurice (D:8)
  A torpor snail (Lair:1)
  2 cane toads
  Maggie (Lair:1)
  Psyche (D:9)
  A komodo dragon (Lair:1)
  3 rime drakes
  2 trolls
  7 blink frogs
  2 shadows (D:10)
  10 yaks
  A wraith (D:9)
  2 basilisks
  2 steam dragons
  10 water moccasins
  Duvessa (D:5)
  14 orc warriors
  An ice beast (D:7)
  4 sky beasts
  6 black bears
  2 ogres
  15 wolves
  3 centaurs
  A kobold brigand (D:9)
  8 bullfrogs
  2 gnoll sergeants
  3 scorpions (D:6)
  Dowan (D:5)
  3 howler monkeys
  6 killer bees
  An electric eel (D:8)
  6 hounds
  A jelly (D:7)
  2 gnoll boudas (D:6)
  6 orc priests
  Jessica (D:3)
  2 iguanas
  4 sleepcaps
  Ijyb (D:2)
  Natasha (thrice) (D:2)
  7 orc wizards
  16 gnolls
  2 adders (D:6)
  2 shadow imps (D:7)
  An ufetubus (D:6)
  3 worms (D:2)
  A dart slug (D:3)
  37 orcs
  13 ball pythons
  10 endoplasms
  6 giant cockroaches
  21 goblins
  6 hobgoblins
  5 jackals
  11 kobolds
  2 quokkas
  7 bats
  5 frilled lizards
  7 rats
313 creatures vanquished.

Vanquished Creatures (others)
  18 fulminant prisms
18 creatures vanquished.

Grand Total: 331 creatures vanquished

Notes
Turn   | Place    | Note
-------+----------+-------------------------------------------
     0 | D:1      | Essalna the Demonspawn Conjurer began the quest for the
                  | Orb.
     0 | D:1      | Reached XP level 1. HP: 13/13 MP: 3/3
   156 | D:1      | Gained mutation: You regenerate a little health from kills.
                  | [demonic ancestry]
   156 | D:1      | Reached XP level 2. HP: 14/19 MP: 0/5
   378 | D:1      | Learned a level 2 spell: Searing Ray
   765 | D:1      | Gained mutation: You have a pair of small horns on your
                  | head. [demonic ancestry]
   765 | D:1      | Reached XP level 3. HP: 19/24 MP: 7/7
  1157 | D:2      | Noticed Natasha
  1158 | D:2      | Killed Natasha
  1159 | D:2      | Gained mutation: You regenerate health from kills. [demonic
                  | ancestry]
  1159 | D:2      | Reached XP level 4. HP: 30/30 MP: 8/8
  1190 | D:2      | Noticed Ijyb
  1207 | D:2      | Killed Ijyb
  1208 | D:2      | Reached skill level 5 in Conjurations
  1337 | D:2      | Found an ornate altar of the Wu Jian Council.
  1466 | D:2      | Noticed Natasha
  1476 | D:2      | Killed Natasha
  1477 | D:2      | Reached XP level 5. HP: 19/35 MP: 4/10
  1804 | D:2      | Noticed Natasha
  1813 | D:2      | Killed Natasha
  2231 | D:3      | Noticed Jessica
  2236 | D:3      | Killed Jessica
  2553 | D:3      | Identified the +3 dagger "Teanut" {freeze, Fly rPois Dex-5}
  2978 | D:4      | Found a staircase to the Ecumenical Temple.
  2988 | Temple   | Entered the Ecumenical Temple
  3069 | D:4      | Noticed an ogre
  3073 | D:4      | Killed an ogre
  3074 | D:4      | Reached skill level 6 in Conjurations
  3074 | D:4      | Gained mutation: Your movements are slightly less
                  | encumbered by armour. (ER -2) [demonic ancestry]
  3074 | D:4      | Reached XP level 6. HP: 28/41 MP: 8/12
  3393 | D:5      | Entered Level 5 of the Dungeon
  3699 | D:5      | Found an iron altar of Okawaru.
  3765 | D:5      | Found a bloodstained altar of Trog.
  3765 | D:5      | Noticed Duvessa
  3787 | D:5      | Killed Duvessa
  3788 | D:5      | Reached skill level 5 in Spellcasting
  3788 | D:5      | Gained mutation: Your demonic aura sometimes causes spilled
                  | blood to erupt in flames. [demonic ancestry]
  3788 | D:5      | Reached XP level 7. HP: 25/46 MP: 1/14
  3887 | D:5      | Noticed Dowan
  3895 | D:5      | Found a shimmering blue altar of Sif Muna.
  3899 | D:5      | Killed Dowan
  3903 | D:5      | Got Sif Muna's Secrets of Exhumation
  4318 | D:6      | Reached skill level 7 in Conjurations
  4451 | D:6      | Reached skill level 1 in Fighting
  4470 | D:6      | Reached XP level 8. HP: 53/56 MP: 17/17
  4512 | D:6      | Reached skill level 8 in Conjurations
  4730 | D:6      | Found a hazy altar of Hepliaklqana.
  4795 | D:6      | Reached skill level 9 in Conjurations
  5035 | D:6      | Reached skill level 5 in Fighting
  5269 | D:7      | Gained mutation: Your movements are less encumbered by
                  | armour. (ER -4) [demonic ancestry]
  5269 | D:7      | Reached XP level 9. HP: 68/68 MP: 18/18
  5379 | D:7      | Reached skill level 1 in Armour
  5553 | D:7      | Found a flagged portal.
  5563 | Bailey   | Entered a bailey
  6530 | Bailey   | Reached skill level 10 in Conjurations
  6583 | Bailey   | Learned a level 4 spell: Fulminant Prism
  6604 | Bailey   | Found the +8 Wrath of Trog {antimagic, *Rage Rampage}
  6611 | Bailey   | Noticed an orc knight
  6713 | Bailey   | Reached skill level 1 in Hexes
  6841 | Bailey   | Killed an orc knight
  6922 | Bailey   | Identified the +1 triple sword of the Glimmering Badger
                  | {freeze, rElec MP-9 Int+3 Dex+2}
  6926 | Bailey   | Reached skill level 5 in Armour
  6926 | Bailey   | Reached skill level 11 in Conjurations
  6926 | Bailey   | Reached skill level 5 in Hexes
  6926 | Bailey   | Reached XP level 10. HP: 73/82 MP: 19/19
  7319 | D:7      | Gained mutation: You have a pair of horns on your head.
                  | [demonic ancestry]
  7319 | D:7      | Reached XP level 11. HP: 70/87 MP: 11/20
  7693 | D:8      | Found a staircase to the Lair.
  7722 | D:8      | Found a runed translucent gate.
  7722 | D:8      | Found a runed translucent gate.
  7722 | D:8      | Found a runed translucent gate.
  7910 | D:8      | Noticed Maurice
  7917 | D:8      | Paralysed by Maurice for 4 turns
  7922 | D:8      | Killed Maurice
  8223 | D:8      | Noticed a white ugly thing
  8223 | D:8      | Noticed a glowing orange brain
  8225 | D:8      | Noticed a red ugly thing
  8227 | D:8      | Noticed a red ugly thing
  8240 | D:8      | Reached skill level 12 in Conjurations
  8512 | D:9      | Found a radiant altar of Vehumet.
  8518 | D:9      | Became a worshipper of Vehumet
  8522 | D:9      | Noticed Psyche
  8530 | D:9      | Killed Psyche
  9058 | D:9      | Noticed a two-headed ogre
  9068 | D:9      | Killed a two-headed ogre
  9069 | D:9      | Reached skill level 10 in Fighting
  9292 | D:10     | Entered Level 10 of the Dungeon
  9594 | D:10     | Reached * piety under Vehumet
  9594 | D:10     | Offered knowledge of Freeze by Vehumet.
  9595 | D:10     | Found a staircase to the Orcish Mines.
  9945 | D:10     | Found a broken altar of Ashenzari.
  9945 | D:10     | Found a sacrificial altar of Ru.
  9953 | D:10     | Found a hide-covered altar of Uskayaw.
 10000 | Orc:1    | Entered Level 1 of the Orcish Mines
 10000 | Orc:1    | Noticed an orc sorcerer
 10075 | Lair:1   | Entered Level 1 of the Lair of Beasts
 10115 | Lair:1   | Noticed an eight-headed hydra
 10121 | Lair:1   | Killed an eight-headed hydra
 10122 | Lair:1   | Reached skill level 13 in Conjurations
 10505 | Lair:1   | Reached XP level 12. HP: 100/100 MP: 21/21
 10637 | Lair:1   | Noticed Maggie
 10649 | Lair:1   | Killed Maggie
 11298 | Lair:2   | Noticed a death yak
 11299 | Lair:2   | Noticed a death yak
 11387 | Lair:2   | Offered knowledge of Scorch by Vehumet.
 11387 | Lair:2   | Noticed a death yak
 11436 | Lair:2   | Reached ** piety under Vehumet
 11776 | Lair:2   | Noticed a five-headed hydra
 11780 | Lair:2   | Killed a five-headed hydra
 11781 | Lair:2   | Reached skill level 14 in Conjurations
 12226 | Lair:2   | Noticed a death yak
 12227 | Lair:2   | Noticed a death yak
 12229 | Lair:2   | Noticed a death yak
 12231 | Lair:2   | Killed a death yak
 12237 | Lair:2   | Killed a death yak
 12240 | Lair:2   | Killed a death yak
 12245 | Lair:2   | Killed a death yak
 12253 | Lair:2   | HP: 5/103 [death yak (15)]
 12256 | Lair:2   | Slain by a death yak

Illustrated notes

Levels and vault maps discovered:
D:1:      mainiacjoe_arrival_reflecting_pool, layout_loops_corners,
          minmay_misc_feat_x
D:2:      kennysheep_the_goblin_king, layout_loops_ring, basic_altar,
          chequers_serial_rivers_large_b, st_stairs_7, amethyst_killhole,
          due_unseen_surprise, uniq_natasha
D:3:      layout_basic, kennysheep_generic_room_12, uniq_jessica
D:4:      layout_basic, temple_pool_b
D:5:      layout_loops_cross, nzn_overflow_gifts_of_might_and_magic,
          mainiacjoe_overflow_catch_the_wave
D:6:      layout_loops_cross, lemuel_crystal_altar, nicolae_grassy_gnolls
D:7:      layout_gridville, enter_bailey_3
D:8:      layout_gridville, erik_lair_island,
          ploomutoo_gammafunk_ghost_potion_laboratory,
          small_statue_intersection, uniq_maurice
D:9:      layout_basic, vehumet_crystals, uniq_psyche
D:10:     layout_basic, chequers_temple_overflow_minitemple, david_orc_3
Temple:   nicolae_temple_bog_church
Lair:1:   layout_cave_pods, patterned_corridor, uniq_maggie
Lair:2:   layout_gridlike
Orc:1:    layout_caves

Skill      XL: |  1  2  3  4  5  6  7  8  9 10 11 12 |
---------------+-------------------------------------+-----
Spellcasting   | 3 4 5 6 |  6.0
Conjurations   | 5 6 7 9 11 13 14 | 14.6
Fighting       | 2 5 8 11 12 | 12.7
Armour         | 5 6 |  6.0
Hexes          | 5 |  5.3
Dodging        | |  1.7
Stealth        | |  1.7

Action                     |  1- 3 |  4- 6 |  7- 9 | 10-12 || total
---------------------------+-------+-------+-------+-------++-------
  Melee: Dagger            |    21 |       |       |       ||    21
         Staff             |       |       |       |     1 ||     1
   Fire: Sling             |    49 |   179 |   259 |   318 ||   805
   Cast: Magic Dart        |    25 |     8 |     1 |    56 ||    90
         Searing Ray       |       |     8 |    25 |    37 ||    70
         Fulminant Prism   |       |       |       |    18 ||    18
  Evoke: Wand              |       |       |     4 |     2 ||     6
    Use: Scroll            |       |    12 |     3 |     2 ||    17
         Potion            |       |       |     2 |     1 ||     3
 Armour: Robe              |    26 |     6 |       |       ||    32
         Leather armour    |       |    79 |   170 |   102 ||   351
         Troll leather arm |       |       |       |   131 ||   131
  Dodge: Dodged            |    29 |    54 |   108 |   192 ||   383

Table legend: (Time is in decaauts)
 A = Elapsed time spent in this place.
 B = Non-inter-level travel time spent in this place.
 C = Inter-level travel time spent in this place.
 D = Time resting spent in this place.
 E = Time spent auto-exploring this place.
 F = Levels seen in this place.
 G = Mean time per level.
                   A        B        C        D        E       F      G
               +--------+--------+--------+--------+--------+-----+--------+
         Total |  12765 |  12321 |    444 |    121 |   9534 |  15 |  851.0 |
       Dungeon |   8977 |   8570 |    407 |      0 |   6967 |  10 |  897.7 |
        Temple |      1 |      1 |      0 |      0 |      0 |   1 |    1.0 |
          Lair |   2228 |   2191 |     37 |      0 |   1688 |   2 | 1114.0 |
  Orcish Mines |      1 |      1 |      0 |      0 |      0 |   1 |    1.0 |
        Bailey |   1555 |   1555 |      0 |    121 |    879 |   1 | 1555.0 |
               +--------+--------+--------+--------+--------+-----+--------+

Top non-repeatable levels by time:
  Bailey: 1555 daAuts
  Lair:1: 1168 daAuts
     D:1: 1118 daAuts
  Lair:2: 1059 daAuts
     D:7: 990 daAuts
     D:8: 972 daAuts
     D:2: 963 daAuts
     D:6: 939 daAuts
     D:5: 936 daAuts
     D:9: 848 daAuts
    D:10: 771 daAuts
     D:3: 719 daAuts
     D:4: 717 daAuts
  Temple: 1 daAuts
   Orc:1: 1 daAuts
